 Dungeon Crawl Stone Soup version 0.22.0-49-gab54619 (webtiles) character file.

51 Folque the Firebug (level 3, -1/26 HPs)
             Began as a Demonspawn Fire Elementalist on Sept 5, 2018.
             Killed by nerve-wracking pain
             ... invoked by an orc priest
              (13 damage)
             ... on level 3 of the Dungeon.
             The game lasted 00:06:57 (2372 turns).

Folque the Firebug (Demonspawn Fire Elementalist)   Turns: 2372, Time: 00:06:58

Health: -1/26      AC:  2    Str:  8    XL:     3   Next: 57%
Magic:  3/7        EV: 12    Int: 17    God:
Gold:   65         SH:  0    Dex: 13    Spells: 3/7 levels left

rFire    . . .     SeeInvis .   k - +0 short sword (drain)
rCold    . . .     Gourm    .   (no shield)
rNeg     . . .     Faith    .   a - +0 robe
rPois    .         Spirit   .   (no helmet)
rElec    .         Reflect  .   (no cloak)
rCorr    .         Harm     .   (no gloves)
MR       .....                  (no boots)
Stlth    ++........             (no amulet)
HPRegen  0.08/turn              (no ring)
MPRegen  0.10/turn              (no ring)

@: no status effects
A: hooves 1
a: no special abilities


You were on level 3 of the Dungeon.
You were not hungry.

You visited 1 branch of the dungeon, and saw 3 of its levels.

You collected 65 gold pieces.

Inventory:

Hand Weapons
 b - a +0 short sword
 k - a +0 short sword of draining (weapon)
Armour
 a - a +0 robe (worn)
Jewellery
 f - an uncursed ring of fire {unknown}
Scrolls
 h - a scroll of remove curse {unknown}
 j - a scroll of teleportation {unknown}
 q - a scroll of blinking
 r - a scroll of identify {unknown}
Potions
 d - a potion of lignification {unknown}
 g - 2 potions of cancellation
 i - a potion of heal wounds {unknown}
 l - a potion of mutation {unknown}
 m - a potion of haste {unknown}
 n - a potion of curing {unknown}
 o - 2 potions of degeneration {unknown}
Comestibles
 c - 3 rations


   Skills:
 - Level 1.0 Fighting
 - Level 1.7 Dodging
 - Level 1.7 Stealth
 * Level 2.7 Spellcasting
 + Level 2.1 Conjurations
 - Level 3.0 Fire Magic


You had 3 spell levels left.
You knew the following spells:

 Your Spells              Type           Power        Failure   Level  Hunger
a - Flame Tongue          Conj/Fire      ##...        6%          1    #......
b - Conjure Flame         Conj/Fire      ##......     19%         3    ###....

Your spell library contained the following spells:

 Spells                   Type           Power        Failure   Level  Hunger
 Throw Flame              Conj/Fire      ##....       10%         2    ##.....
 Inner Flame              Hex/Fire       #.......     28%         3    ###....
 Sticky Flame             Conj/Fire      ##......     52%         4    #####..
 Fireball                 Conj/Fire      ##........   86%         5    ######.


Dungeon Overview and Level Annotations

Branches:
Dungeon (3/15)

Altars:
Cheibriados
Makhleb
Ru
Vehumet
Yredelemnul


Innate Abilities, Weirdness & Mutations

You have large cloven feet.


Message History

Confirm with . or Enter, or press ? or * to list all spells.
Aiming: Flame Tongue (safe; 6% risk of failure)
Press: ? - help, Shift-Dir - straight line, f/p - orc priest
Aim: an orc priest, wearing a leather armour (moderately wounded)
The flame tongue hits the orc priest.
The orc priest is heavily wounded.
The orc priest mumbles some strange prayers to Beogh against you.
Beogh smites you!
Ouch! That really hurt!
Casting: Flame Tongue (safe; 6% risk of failure)
Confirm with . or Enter, or press ? or * to list all spells.
Aiming: Flame Tongue (safe; 6% risk of failure)
Press: ? - help, Shift-Dir - straight line, f/p - orc priest
Aim: an orc priest, wearing a leather armour (heavily wounded)
The flame tongue hits the orc priest.
The orc priest is almost dead.
The orc priest invokes the aid of Beogh against you.
Pain shoots through your body!
Ouch! That really hurt!
You die...

.. ....#.....
... #........#
..o###........##
....o...........
.............)..
....go......#...
..............#
#.....#@......#
..............#
........#+##..#
........#....<.
...............
...............
#+##.......#+#.
#..........#
.#####.###..#


You could see an orc warrior, an orc priest, an orc and a hobgoblin.

Vanquished Creatures
  3 dart slugs
  3 leopard geckos
  An orc (D:3)
  A goblin (D:1)
  5 hobgoblins
  2 jackals (D:2)
  8 bats
  5 frilled lizards
  6 kobolds
  9 rats
43 creatures vanquished.

Notes
Turn   | Place    | Note
-------+----------+-------------------------------------------
     0 | D:1      | Folque the Demonspawn Fire Elementalist began the quest for
                  | the Orb.
     0 | D:1      | Reached XP level 1. HP: 13/13 MP: 3/3
   263 | D:1      | Gained mutation: You have large cloven feet. [demonic
                  | ancestry]
   263 | D:1      | Reached XP level 2. HP: 20/20 MP: 3/5
   325 | D:1      | Reached skill level 1 in Fighting
   363 | D:1      | Reached skill level 3 in Fire Magic
  1121 | D:2      | Reached XP level 3. HP: 20/26 MP: 1/6
  1132 | D:2      | Found a snail-covered altar of Cheibriados.
  1140 | D:2      | Found a burning altar of Makhleb.
  1140 | D:2      | Found a radiant altar of Vehumet.
  1191 | D:2      | Found a basalt altar of Yredelemnul.
  1203 | D:2      | Noticed a centaur
  1303 | D:2      | Learned a level 3 spell: Conjure Flame
  2201 | D:2      | Found a sacrificial altar of Ru.
  2369 | D:3      | Noticed an orc warrior
  2372 | D:3      | Killed from afar by an orc priest

Skill      XL: |  1  2  3 |
---------------+----------+-----
Fighting       | 1 |  1.0
Fire Magic     | 3 |  3.0
Conjurations   | 2 |  2.1
Dodging        | |  1.7
Stealth        | |  1.7
Spellcasting   | |  2.7

Action                   || total
-------------------------++-------
Melee: Short sword       ||    63
       Kick              ||    10
 Cast: Flame Tongue      ||    55
  Use: Scroll            ||     4
       Potion            ||     2
 Stab: Sleeping          ||     5
  Eat: Chunk             ||     5
Armor: Robe              ||    12
Dodge: Dodged            ||    48
